 Dungeon Crawl Stone Soup version 0.20.1-1-g8b1a95d (webtiles) character file.

60 Monsterracer the Conjurer (level 4, 0/24 HPs)
             Began as a Tengu Conjurer on July 27, 2017.
             Slain by a jackal (1 damage)
             ... on level 2 of the Dungeon.
             The game lasted 00:03:31 (2043 turns).

Monsterracer the Conjurer (Tengu Conjurer)          Turns: 2043, Time: 00:03:32

Health: 0/24       AC:  3    Str:  7 (9)  XL:     4   Next: 4%
Magic:  5/9        EV: 12    Int: 13 (16) God:
Gold:   75         SH:  0    Dex: 13 (14) Spells: 1/8 levels left

rFire    . . .     SeeInvis .   o - +1 dagger (vamp)
rCold    . . .     Gourm    .   (no shield)
rNeg     . . .     Faith    .   a - +0 robe
rPois    .         Spirit   .   (helmet restricted)
rElec    .         Reflect  .   (no cloak)
rCorr    .         Harm     .   i - +0 pair of gloves
MR       .....                  (boots unavailable)
Stlth    ++........             (no amulet)
Regen    0.1/turn               (no ring)
MPRegen  0.2/turn               (no ring)

@: no status effects
A: beak, talons 3
a: no special abilities


You were on level 2 of the Dungeon.
You were not hungry.

You visited 1 branch of the dungeon, and saw 2 of its levels.

You collected 75 gold pieces.

Inventory:

Hand Weapons
 o - a +1 vampiric dagger (weapon)
Armour
 a - a +0 robe (worn)
 i - a +0 pair of gloves (worn)
Scrolls
 d - a scroll of amnesia {unknown}
 g - a scroll of teleportation
 j - a scroll of remove curse
 m - a scroll of identify {unknown}
 n - a scroll of blinking {unknown}
 q - a scroll of enchant weapon {unknown}
Potions
 e - 2 potions of brilliance {unknown}
 h - 2 potions of might {unknown}
 k - a potion of degeneration
 l - a potion of lignification {unknown}
Books
 b - a book of Conjurations

   Spells                             Type                      Level
   a - Magic Dart                     Conjuration                  1
   b - Searing Ray                    Conjuration                  2
   c - Dazzling Spray                 Conjuration/Hexes            3
   d - Fulminant Prism                Conjuration/Hexes            4
   e - Force Lance                    Conjuration/Translocation    4
   f - Iskenderun's Mystic Blast      Conjuration                  4
Comestibles
 c - 3 bread rations
 f - a royal jelly
 p - a chunk of flesh


   Skills:
 - Level 2.1 Dodging
 - Level 2.0 Stealth
 + Level 2.8 Spellcasting
 * Level 6.6 Conjurations


You had one spell level left.
You knew the following spells:

 Your Spells              Type           Power        Failure   Level  Hunger
a - Magic Dart            Conj           ###.         1%          1    #......
b - Searing Ray           Conj           ###...       2%          2    ###....
c - Iskenderun's Mystic   Conj           ###.....     16%         4    #####..


Dungeon Overview and Level Annotations

Branches:
Dungeon (2/15)

Altars:

Annotations:
D:2 Terence


Innate Abilities, Weirdness & Mutations

You have a beak for a mouth.
You have claws for feet.


Message History

Something hits you.
* * * LOW HITPOINT WARNING * * *
Huge Dmg: -20%(-5hp) hp: 30%(7hp)
You hit the jackal. Your kick misses the jackal.
The jackal is heavily wounded.
The jackal barely misses you.
You miss the jackal.
The jackal is heavily wounded.
The jackal bites you but does no damage.
Something hits you.
* * * LOW HITPOINT WARNING * * *
The jackal closely misses you.
Huge Dmg: -13%(-3hp) hp: 17%(4hp) It was a potion of degeneration.
There was something very wrong with that liquid.
You feel weakened.
You feel dopey.
You feel clumsy. Something hits you.
* * * LOW HITPOINT WARNING * * *
The jackal bites you.
You die...

######[.###.# ........#
#.# #######.###.##.#
............##.#
...÷.÷..).......
####<........#.####
####.###..#.#.. .# #.#
..#.#h# .# #.###..#.#@#
.# #..##..#÷#{# ?#
########.##..#.#.# .#
....(.##..#..#.#.###.#
.###..###.#..#.#.....#
.# ##........#.#†....#
.#########..##....#..#
..................#.S#
.#########..#####.#.#..


You could see a jackal.

Vanquished Creatures
  Natasha (D:2)
  A worm (D:2)
  A dart slug (D:1)
  4 goblins
  5 hobgoblins
  3 jackals (D:2)
  2 quokkas (D:2)
  5 bats (D:1)
  4 frilled lizards
  A kobold (D:1)
  4 rats
31 creatures vanquished.

Notes
Turn   | Place    | Note
-------+----------+-------------------------------------------
     0 | D:1      | Monsterracer the Tengu Conjurer began the quest for the Orb.
     0 | D:1      | Reached XP level 1. HP: 10/10 MP: 4/4
    46 | D:1      | HP: 5/10 [hobgoblin (5)]
   507 | D:1      | Reached XP level 2. HP: 15/15 MP: 1/6
   551 | D:1      | Learned a level 2 spell: Searing Ray
  1371 | D:2      | Noticed Natasha
  1376 | D:2      | HP: 7/15 [Natasha (8)]
  1378 | D:2      | Noticed a crimson imp
  1380 | D:2      | Killed Natasha
  1380 | D:2      | Reached skill level 6 in Conjurations
  1380 | D:2      | Reached XP level 3. HP: 6/19 MP: 0/8
  1849 | D:2      | Reached XP level 4. HP: 23/24 MP: 9/9
  1855 | D:2      | Learned a level 4 spell: Iskenderun's Mystic Blast
  2026 | D:2      | Noticed Terence
  2039 | D:2      | HP: 12/24 [something (4)]
  2042 | D:2      | HP: 4/24 [something (3)]
  2043 | D:2      | HP: 1/24 [something (3)]
  2043 | D:2      | Slain by a jackal

Skill      XL: |  1  2 |
---------------+-------+-----
Conjurations   | 6 |  6.6
Dodging        | |  2.1
Stealth        | |  2.0
Spellcasting   | |  2.8

Action                   |  1- 3 |  4- 6 || total
-------------------------+-------+-------++-------
Melee: Unarmed           |     3 |       ||     3
       Kick              |     5 |     1 ||     6
       Dagger            |    31 |     6 ||    37
       Peck              |     2 |       ||     2
 Cast: Magic Dart        |    32 |     6 ||    38
       Searing Ray       |     1 |     1 ||     2
  Use: Scroll            |     2 |       ||     2
       Potion            |       |     1 ||     1
 Stab: Sleeping          |     3 |       ||     3
  Eat: Chunk             |     3 |     1 ||     4
       Bread ration      |     1 |       ||     1
Armor: Robe              |     6 |     3 ||     9
Dodge: Dodged            |    26 |     3 ||    29
